 Dungeon Crawl Stone Soup version 0.29.1-1-gd02db6906a (webtiles) character file.

Game seed: 13173187764707385072

67 smilodon the Shield-Bearer (level 3, -2/36 HPs)
             Began as a Troll Fighter on Sept 19, 2022.
             Slain by Ijyb
             ... wielding a +0 club
              (5 damage)
             ... on level 3 of the Dungeon.
             The game lasted 00:02:08 (1698 turns).

smilodon the Shield-Bearer (Troll Fighter)          Turns: 1698, Time: 00:02:09

Health: -2/36      AC:  4    Str: 24    XL:     3   Next: 98%
Magic:  2/2        EV:  9    Int:  4    God:
Gold:   183        SH:  8    Dex: 11    Spells: 2/2 levels left

rFire   . . .      SeeInvis .     - Unarmed
rCold   . . .      Faith    .   b - +0 kite shield
rNeg    . . .      Spirit   .   a - +0 robe
rPois   .          Reflect  .   (helmet restricted)
rElec   .          Harm     .   (no cloak)
rCorr   .          Rampage  .   (gloves unavailable)
Will    .....                   (boots unavailable)
Stlth   +.........              (no amulet)
HPRegen 0.92/turn               (no ring)
MPRegen 0.08/turn               (no ring)

@: no status effects
A: large, unfitting armour, claws 3, regeneration 1, shaggy fur 1, tough skin 1
a: no special abilities


You were on level 3 of the Dungeon.
You visited 1 branch of the dungeon, and saw 3 of its levels.

You collected 183 gold pieces.

Inventory:

Hand Weapons
 i - a +0 mace
Armour
 a - a +0 robe (worn)
 b - a +0 kite shield (worn)
Scrolls
 f - 2 scrolls of identify
 g - a scroll of teleportation {unknown}
 h - 2 scrolls of fog
 k - a scroll of vulnerability {unknown}
 n - a scroll of summoning {unknown}
 o - a scroll of amnesia {unknown}
Potions
 c - 2 potions of might
 d - a potion of berserk rage
 e - a potion of heal wounds {unknown}
 j - 2 potions of curing
 l - a potion of flight {unknown}
 m - a potion of lignification {unknown}


   Skills:
 + Level 2.9 Fighting
 + Level 2.9 Dodging
 + Level 3.2 Shields
 + Level 2.7 Unarmed Combat


You had 2 spell levels left.
You didn't know any spells.
Your spell library contained the following spells:

 Spells                   Type           Power      Damage    Failure   Level
 Apportation              Tloc           0%         N/A       80%         1
 Necrotise                Necr           0%         1d4       80%         1
 Summon Small Mammal      Summ           0%         N/A       80%         1
 Sublimation of Blood     Necr           0%         N/A       90%         2
 Vampiric Draining        Necr           0%         2d6       99%         3
 Petrify                  Tmut/Erth      0%         N/A       100%        4
 Agony                    Necr           0%         N/A       100%        5
 Irradiate                Conj/Tmut      0%         3d11      100%        5


Dungeon Overview and Level Annotations

Branches:
Dungeon (3/15)

Altars:
Fedhas
Gozag
Kikubaaqudgha
Nemelex Xobeh
Okawaru
Ru
Uskayaw
Vehumet
Xom

Shops:
D:1 *   D:2 (

Annotations:
D:3 Ijyb


Innate Abilities, Weirdness & Mutations

You are too large for most types of armour.
You have claws for hands.
Your natural rate of healing is unusually fast.
You are covered in fur. (AC +1)
You have tough skin. (AC +1)


Message History

Ijyb shouts!
Ijyb is nearby!
Ijyb hits you with a +0 club.
You barely miss Ijyb. Ijyb hits you with a +0 club.
You scratch Ijyb.
Ijyb is lightly wounded.
Ijyb hits you with a +0 club. x2
You scratch Ijyb.
Ijyb is moderately wounded.
Ijyb barely misses you.
You scratch Ijyb but do no damage.
Ijyb is moderately wounded.
Ijyb drinks a potion.
Ijyb goes berserk!
You barely miss Ijyb.
Ijyb is moderately wounded.
You block Ijyb's attack. Ijyb hits you with a +0 club!
You completely miss Ijyb.
Ijyb is moderately wounded.
Ijyb barely misses you.
You scratch Ijyb but do no damage.
Ijyb is moderately wounded.
You block Ijyb's attack. Ijyb barely misses you.
You scratch Ijyb but do no damage.
Ijyb is moderately wounded.
You block Ijyb's attack.
You closely miss Ijyb.
Ijyb is moderately wounded.
You block Ijyb's attack. Ijyb misses you.
You claw Ijyb!
Ijyb is heavily wounded.
Ijyb hits you with a +0 club. Ijyb hits you but does no damage.
You closely miss Ijyb.
Ijyb is heavily wounded.
Ijyb hits you with a +0 club!
You scratch Ijyb.
Ijyb is severely wounded.
Ijyb hits you with a +0 club!
* * * LOW HITPOINT WARNING * * *
Ijyb hits you with a +0 club.
You die...

######.##.≈.§...≈.≈.
#.##.≈.≈._.≈.≈...#
#.##.≈.≈...≈.≈...#
#....≈.≈§≈≈≈.≈...#
###..≈.......≈...#
##.≈≈.≈≈≈≈≈≈...#
#.............#
###.#.........#
#....@g.....#
###.........#
#.........#
###########


You could see Ijyb (berserk).

Vanquished Creatures
  A dart slug (D:2)
  6 orcs (D:3)
  7 bats
  4 endoplasms
  4 giant cockroaches
  5 goblins
  3 hobgoblins
  3 quokkas
  6 ball pythons
  2 frilled lizards
  5 kobolds
  6 rats
52 creatures vanquished.

Notes
Turn   | Place    | Note
-------+----------+-------------------------------------------
     0 | D:1      | smilodon the Troll Fighter began the quest for the Orb.
     0 | D:1      | Reached XP level 1. HP: 22/22 MP: 0/0
   240 | D:1      | Found Guliadd's Assorted Antiques.
   251 | D:1      | Reached XP level 2. HP: 27/29 MP: 1/1
   475 | D:1      | Reached skill level 3 in Shields
   632 | D:2      | Reached XP level 3. HP: 32/36 MP: 2/2
   715 | D:2      | Found an ancient bone altar of Kikubaaqudgha.
   765 | D:2      | Found Irudwow's Weapon Shoppe.
  1425 | D:3      | Found a shimmering altar of Xom.
  1430 | D:3      | Found an opulent altar of Gozag.
  1433 | D:3      | Found an iron altar of Okawaru.
  1437 | D:3      | Found a hide-covered altar of Uskayaw.
  1437 | D:3      | Found a sparkling altar of Nemelex Xobeh.
  1438 | D:3      | Found a radiant altar of Vehumet.
  1440 | D:3      | Found a sacrificial altar of Ru.
  1492 | D:3      | Found a faded altar of an unknown god.
  1628 | D:3      | Found a blossoming altar of Fedhas.
  1683 | D:3      | Noticed Ijyb
  1698 | D:3      | Slain by Ijyb

Illustrated notes

Levels and vault maps discovered:
D:1:      dpeg_arrival_radiant, layout_basic, serial_shops,
          nicolae_diamond_shop, chequers_serial_rivers_micro_b
D:2:      layout_loops_ring, serial_shops, nicolae_shop_bloodbath_and_beyond,
          basic_altar
D:3:      layout_basic, mainiacjoe_overflow_concentric_impassable,
          nicolae_overflow_hallway_of_the_gods,
          shapermc_ecumenical_altar_pompeii,
          hangedman_abyss_or_decor_lesser_grid, dk_vineyard_3, uniq_ijyb

Skill      XL: |  1  2 |
---------------+-------+-----
Shields        | 3 |  3.2
Fighting       | |  2.9
Dodging        | |  2.9
Unarmed Combat | |  2.7

Action                   || total
-------------------------++-------
Melee: Unarmed           ||   140
  Use: Potion            ||     3
       Scroll            ||     2
Armor: Robe              ||    53
Dodge: Dodged            ||    60
Block: Kite shield       ||    55
